 Dungeon Crawl Stone Soup version 0.31-a0-667-g39726597b9 (console) character file.

Game seed: 1286042637694434091

1622897 badplayer the Shapeless Octopus (level 27, 260/260 HPs)
             Began as an Octopode Shapeshifter on Sept 3, 2023.
             Was an Initiate of Gozag.
             Escaped with the Orb
             ... and 3 runes!
             The game lasted 03:15:50 (74767 turns).

badplayer the Shapeless Octopus (OpSh)             Turns: 74767, Time: 03:15:50

Health: 260/260    AC: 50    Str: 23    XL:     27
Magic:  20/20      EV: 49    Int: 16    God:    Gozag
Gold:   9019       SH: 18    Dex: 29    Spells: 26/26 levels left

rFire   + .          .
                       - Unarmed
rCold   + + .        M - +3 buckler {rC+}
rNeg    + . .        K - +2 hat {Will+}
rPois   ∞            S - amulet of reflection
rElec   +            k - +4 ring of protection
rCorr   .            y - ring of the Octopus King {rC+ HP+2 AC+2 EV+2 SH+2}
SInv    .            A - ring of Conformity {rF+ Int+3 Dex+6}
Will    ++++.        r - +5 ring of evasion
Stlth   ++           v - ring of willpower
HPRegen 0.63/turn    P - +6 ring of strength
MPRegen 0.17/turn    s - +4 ring of protection
                     T - +5 ring of evasion

%: reflection
@: statue-form, studying 3 skills, very slow
A: slow and powerful, torment resistance 1, boosted hp, almost no armour,
amphibious, 8 rings, camouflage 1, (gelatinous body 1), (nimble swimmer 1),
tentacles, low MP 1, strong 1
0: Orb of Zot
}: 3/15 runes: decaying, silver, gossamer
a: Begin Untransformation, Renounce Religion, Potion Petition, Call Merchant,
Bribe Branch


You escaped.
You worshipped Gozag.
Gozag was greatly pleased with you.
You were a living statue of rough stone.
You visited 10 branches of the dungeon, and saw 50 of its levels.
You visited the Abyss 1 time.
You visited 1 bazaar.
You also visited: Trove, Ice Cave and Desolation.

You collected 32556 gold pieces.
You spent 6849 gold pieces at shops.
You paid 16688 gold pieces to Gozag.

Inventory:

Missiles
 t - 10 throwing nets
 D - 29 curare-tipped darts
Armour
 K - a +2 hat of willpower (worn)
 M - a +3 buckler of cold resistance (worn)
Jewellery
 g - the ring of Juituown {MP+9 SInv}
   (You found it in the Desolation of Salt)

   [ring of see invisible]

   MP+9:      It affects your magic capacity (+9).
   SInv:      It lets you see invisible.
 k - a +4 ring of protection (left tentacle)
 p - a ring of the Octopus King {Wiz HP+2 AC+2 EV+2 SH+2}
   (You took it off a deep elf annihilator on level 3 of the Elven Halls)

   [ring of wizardry]

   Wiz:       It improves your spell success rate.
   AC+2:      It affects your AC (+2).
   EV+2:      It affects your evasion (+2).
   HP+2:      It affects your health (+2).
   SH+2:      It affects your SH (+2).
 r - a +5 ring of evasion (on tentacle)
 s - a +4 ring of protection (on tentacle)
 v - a ring of willpower (on tentacle)
 y - a ring of the Octopus King (right tentacle) {rC+ HP+2 AC+2 EV+2 SH+2}
   (You bought it in a shop on level 10 of the Dungeon)

   [ring of protection from cold]

   AC+2:      It affects your AC (+2).
   EV+2:      It affects your evasion (+2).
   rC+:       It protects you from cold.
   HP+2:      It affects your health (+2).
   SH+2:      It affects your SH (+2).
 A - the ring of Conformity (on tentacle) {rF+ Int+3 Dex+6}
   (You bought it in a shop on level 3 of the Vaults)

   [ring of dexterity]

   Int+3:     It affects your intelligence (+3).
   Dex+6:     It affects your dexterity (+6).
   rF+:       It protects you from fire.
 P - a +6 ring of strength (on tentacle)
 S - an amulet of reflection (around mantle)
 T - a +5 ring of evasion (on tentacle)
 Y - a ring of flight
 Z - a ring of resist corrosion
Talismans
 c - a granite talisman (active)
 d - a serpent talisman
 f - a dragon-blood talisman
Wands
 m - a wand of digging (9)
 q - a wand of iceblast (72)
 u - a wand of polymorph (21)
 w - a wand of mindburst (23)
 E - a wand of charming (65)
 G - a wand of light (30)
Scrolls
 h - 14 scrolls of teleportation
 o - 3 scrolls of summoning
 z - 4 scrolls of silence
 C - 11 scrolls of blinking
 L - 4 scrolls of revelation
 Q - 7 scrolls of vulnerability
 U - 9 scrolls of fear
 W - 8 scrolls of fog
Potions
 e - 7 potions of haste
 i - 4 potions of attraction
 j - 10 potions of heal wounds
 l - 4 potions of might
 n - 2 potions of curing
 x - 7 potions of resistance
 B - 14 potions of enlightenment
 F - 5 potions of mutation
 V - 2 potions of invisibility
Miscellaneous
 a - a phial of floods
 I - a lightning rod (4/4)
 N - a condenser vane
 O - a box of beasts


   Skills:
 - Level 19.0 Fighting
 + Level 23.0 Dodging
 - Level 7.5 Stealth
 - Level 7.0 Shields
 + Level 23.8 Unarmed Combat
 - Level 16.2 Evocations
 O Level 27 Shapeshifting


You had 26 spell levels left.
You didn't know any spells.
Your spell library contained the following spells:

 Spells                   Type           Power      Damage    Failure   Level
 Apportation              Tloc           0%         N/A       28%         1
 Magic Dart               Conj           0%         1d3       28%         1
 Necrotise                Necr           0%         1d4       28%         1
 Sandblast                Erth           0%         2d4       28%         1
 Shock                    Conj/Air       0%         1d3       28%         1
 Summon Small Mammal      Summ           0%         N/A       28%         1
 Call Imp                 Summ           0%         N/A       41%         2
 Cigotuvi's Dreadful Rot  Necr/Pois/Air  0%         N/A       41%         2
 Poisonous Vapours        Pois/Air       0%         N/A       41%         2
 Static Discharge         Conj/Air       0%         2-2/arc   41%         2
 Call Canine Familiar     Summ           0%         N/A       65%         3
 Dazzling Flash           Conj/Hex       0%         N/A       65%         3
 Frozen Ramparts          Ice            0%         1d1       65%         3
 Hailstorm                Conj/Ice       0%         3d3       65%         3
 Inner Flame              Hex/Fire       0%         N/A       65%         3
 Mephitic Cloud           Conj/Pois/Air  0%         N/A       65%         3
 Ozocubu's Armour         Ice            0%         N/A       65%         3
 Portal Projectile        Hex/Tloc       0%         N/A       65%         3
 Summon Guardian Golem    Hex/Summ       0%         N/A       65%         3
 Swiftness                Air            0%         N/A       65%         3
 Tukima's Dance           Hex            0%         N/A       65%         3
 Volatile Blastmotes      Fire/Tloc      0%         2d10      65%         3
 Airstrike                Air            0%         2d(0-16)  96%         4
 Anguish                  Hex/Necr       0%         N/A       96%         4
 Dispel Undead            Necr           0%         3d6       96%         4
 Leda's Liquefaction      Hex/Erth       0%         N/A       96%         4
 Passage of Golubria      Tloc           0%         N/A       96%         4
 Petrify                  Tmut/Erth      0%         N/A       96%         4
 Summon Ice Beast         Ice/Summ       0%         N/A       96%         4
 Summon Lightning Spire   Summ/Air       0%         N/A       96%         4
 Vhi's Electric Charge    Tloc/Air       0%         N/A       96%         4
 Alistair's Intoxication  Tmut/Pois      0%         N/A       100%        5
 Arcjolt                  Conj/Air       0%         1d10      100%        5
 Borgnjor's Vile Clutch   Necr/Erth      0%         N/A       100%        5
 Freezing Cloud           Conj/Ice/Air   0%         6-21      100%        5
 Iskenderun's Battlesphe  Conj           0%         2d6       100%        5
 Lee's Rapid Deconstruct  Erth           0%         3d4*      100%        5
 Metabolic Englaciation   Hex/Ice        0%         N/A       100%        5
 Silence                  Hex/Air        0%         N/A       100%        5
 Summon Forest            Summ/Tloc      0%         N/A       100%        5
 Summon Mana Viper        Hex/Summ       0%         N/A       100%        5
 Yara's Violent Unravell  Hex/Tmut       0%         3d3       100%        5
 Death Channel            Necr           0%         N/A       100%        6
 Eringya's Noxious Bog    Tmut/Pois      0%         4d6       100%        6
 Leda's Unmaking          Conj/Erth      0%         9d1       100%        6
 Plasma Beam              Fire/Air       0%         2x1d10    100%        6
 Starburst                Conj/Fire      0%         6d3       100%        6
 Summon Cactus Giant      Summ           0%         N/A       100%        6
 Enfeeble                 Hex            0%         N/A       100%        7
 Haunt                    Necr/Summ      0%         N/A       100%        7
 Malign Gateway           Summ/Tloc      0%         N/A       100%        7
 Orb of Destruction       Conj           0%         9d5       100%        7
 Ozocubu's Refrigeration  Ice            0%         4d7       100%        7
 Spellforged Servitor     Conj/Summ      0%         N/A       100%        7
 Summon Hydra             Summ           0%         N/A       100%        7
 Borgnjor's Revivificati  Necr           0%         N/A       100%        8
 Discord                  Hex            0%         N/A       100%        8
 Infestation              Necr           0%         N/A       100%        8
 Lehudib's Crystal Spear  Conj/Erth      0%         10d2      100%        8
 Maxwell's Capacitive Co  Air            0%         ∞         100%        8
 Summon Horrible Things   Summ           0%         N/A       100%        8
 Death's Door             Necr           0%         N/A       100%        9
 Animate Armour           Summ/Erth      Unusable   N/A       N/A         4
 Animate Dead             Necr           Unusable   N/A       N/A         4
 Simulacrum               Ice/Necr       Unusable   N/A       N/A         6

Dungeon Overview and Level Annotations

Branches:
Dungeon (15/15)            Temple (0/1) D:4            Lair (5/5) D:10
  Swamp (4/4) Lair:2       Spider (4/4) Lair:2        Slime (0/5) Lair:4
    Orc (2/2) D:10            Elf (3/3) Orc:2        Vaults (5/5) D:13
  Crypt (3/3) Vaults:2       Tomb (0/3) Crypt:3      Depths (4/4) D:15
    Zot (5/5) Depths:4      IceCv (visited)         Desolation (visited)

Altars:
Cheibriados
Elyvilon
Gozag
Kikubaaqudgha
Makhleb
Nemelex Xobeh
Okawaru
Qazlal
Sif Muna
Trog
Vehumet
Wu Jian
Yredelemnul
Zin
The Shining One
Jiyva

Shops:
D:1 ?   D:3 :   D:10 =*   D:12 ?   Orc:1 *(   Orc:2 ([*:   Elf:2 =!*   Elf:3 [
Lair:2 *[   Vaults:1 ?*   Vaults:2 ?   Vaults:3 =   Depths:4 (

Portals:
Hell: Depths:1 Depths:2 Depths:3 Depths:4
Abyss: Depths:1 Depths:3
Pandemonium: Depths:2
Ziggurat: Depths:4

Annotations:
D:5 2 transporters, heinrich's ghost, novice OpCA
D:14 2 transporters, NigelTetley's ghost, journeyman DgCj
Lair:3 2 transporters, Vorhees's ghost, journeyman DjHs
Swamp:3 exclusion: swamp worm, Mara
Orc:1 1 runed translucent door, Vorhees's ghost, journeyman DjHs
Vaults:1 3 runed translucent doors, KimchiStew's ghost, adept MfBe
Depths:2 1 runed translucent door
Zot:2 1 transporter
Zot:3 4 transporters
Zot:5 5 transporters


Innate Abilities, Weirdness & Mutations

You are a living statue of rough stone.
Your actions are slow, but your melee attacks are powerful.
You are resistant to unholy torment.
Your maximum health is greatly increased.
You cannot wear most types of armour.
You are amphibious.
You can wear up to eight rings at the same time.
You are immune to poison.
Your skin changes colour to match your surroundings (Stealth+).
((Your rubbery body absorbs attacks. (AC +1, EV +1)))
((You are camouflaged when in or above water. (Stealth+)))
You have tentacles for arms and can constrict up to eight enemies at once.
Your magical capacity is low. (-10% MP)
Your muscles are strong. (Str +4, Int/Dex -1)


Message History

Where to? (Tab/Enter - D:1, ? - help) HP restored.
There is an open door here.
There is a stone staircase leading up here.
You climb upwards.
There is a stone staircase leading down here.
There is a stone staircase leading up here.
You climb upwards.
Level annotation: 2 transporters, heinrich's ghost, novice OpCA
There is a stone staircase leading down here.
There is a stone staircase leading up here.
You climb upwards.
A sixfirhy comes into view.
There is a stone staircase leading down here.
You thrash the sixfirhy!!!
You kill the sixfirhy!
Your Dodging skill increases to level 23!
You now have 9019 gold pieces (gained 8).
There is a stone staircase leading up here.
You climb upwards.
There is a stone staircase leading down here.
(D) Dungeon (T) Temple (L) Lair (S) Swamp (N) Spider Nest (M) Slime Pits (O) Orcish Mines (E) Elven Halls (V) Vaults (C) Crypt (W) Tomb (U) Depths (H) Hell (Z) Zot
Where to? (Tab/Enter - D:1, ? - help)
There is a stone staircase leading up here.
You climb upwards.
There is a stone staircase leading down here.
You enter the shallow water.
Moving in this stuff is going to be slow.
There is a stone staircase leading up here.
You climb upwards.
There is a stone staircase leading down here.
There is an open door here.
As you open the door, it creaks loudly!
There is an open door here.
There is an escape hatch in the floor here.
There is a staircase leading out of the dungeon here.
You have escaped!

#..................>....##
#........................# ##
#........................## .#
#...########'########.....# .#
#...####.........####.....# .#
#...##...8.........##.....#
.####...#..8...#'#......#.....#
..##....+.....##>##.....+.....##
...#.#..+.....##8##.....+.....∩#
#....#..#..[...#'#...8..#....#.#
#.#..#..##.........8...##...##.#
#....#..####.........####...##.##
##.#....########+########...##..#
##.#........................###.#
##.#........................# #.#
##......##..................# #.#
##...##.##########..######### #.#


There were no monsters in sight!

Vanquished Creatures
  2 pandemonium lords (Trove)
  A dread lich (Zot:3)
  Khufu (Crypt:2)
  An orb of fire (Zot:4)
  2 royal mummies (Crypt:2)
  Bai Suzhen (Crypt:3)
  2 curse toes
  4 caustic shrikes (Depths:4)
  9 golden dragons
  2 bone dragons
  A profane servitor (Crypt:1)
  An electric golem (Zot:2)
  A Tzitzimitl (D:12)
  Rupert (Lair:4)
  Jorgrun (Swamp:2)
  Mlioglotl (Swamp:2)
  14 tentacled monstrosities
  4 quicksilver dragons
  3 Ice Fiends
  8 liches
  2 deep elf master archers (Elf:3)
  A walking earthen tome (Depths:4)
  A walking frostbound tome (Depths:2)
  11 Orb Guardians
  2 Hell Sentinels
  An Executioner (D:11)
  3 titans
  8 death cobs
  3 deep elf blademasters
  4 sphinxes
  Frances (Spider:1)
  9 ancient champions
  8 shadow dragons
  11 storm dragons
  A thorn hunter (Swamp:3)
  6 tengu reavers
  Donald (Orc:2)
  5 revenants
  6 draconian monks
  7 frost giants
  8 fire giants
  5 ghost moths
  18 vault wardens
  3 draconian knights
  4 draconian stormcallers
  A draconian scorcher (Zot:2)
  A balrug (Depths:1)
  4 emperor scorpions
  6 deep elf sorcerers
  An imperial myrmidon (Desolation)
  3 iron dragons
  5 deep elf elementalists (Elf:3)
  2 curse skulls (Crypt:3)
  6 spriggan defenders
  A juggernaut zombie (Crypt:2)
  2 angels (Elf:1)
  8 ghouls
  3 orc warlords
  6 draconian shifters
  17 ironbound preservers
  6 vampire knights
  A draconian annihilator (Zot:2)
  2 broodmothers
  16 very ugly things
  16 stone giants
  3 war gargoyles
  6 ironbound thunderhulks
  3 formless jellyfish
  7 green draconians
  15 black draconians
  6 deep elf demonologists
  11 dire elephants
  11 deep elf annihilators
  11 red draconians
  4 eleionomae
  3 halazid warlocks (Desolation)
  4 bunyips
  11 purple draconians
  A lorocyproca (D:13)
  9 yellow draconians
  9 spark wasps
  12 white draconians
  6 eidola
  An iron golem (Depths:1)
  3 crystal guardians (Desolation)
  4 deep elf death magi
  15 ettins
  4 ragged hierophants (Desolation)
  2 fire dragons (shapeshifter)
  12 jiangshi
  4 shambling mangroves
  8 deep elf high priests
  A quicksilver dragon zombie (Abyss:2)
  36 vault guards
  11 fire dragons
  10 servants of whispers (Desolation)
  6 entropy weavers
  5 great orbs of eyes
  5 ice dragons
  5 hell beasts
  13 yaktaur captains
  14 hydras
  4 rakshasas
  5 boulder beetles
  4 peacekeepers
  12 centaur warriors
  6 radroaches
  4 spriggan air magi
  10 alligators
  2 caustic shrike simulacra
  A ghost crab (Swamp:4)
  7 jorogumos
  A catoblepas (Lair:4)
  5 ogre magi
  A radroach (shapeshifter) (Vaults:2)
  13 ironbound frosthearts
  2 sphinx zombies
  29 dancing weapons
  5 death scarabs (Spider:4)
  A death knight (Crypt:2)
  8 deep troll shamans
  11 death yaks
  2 two-headed ogres
  8 tengu warriors
  8 deep troll earth magi
  10 demonic crawlers
  3 orc high priests
  A shock serpent (shapeshifter) (Elf:3)
  6 soul eaters (Depths:1)
  A titan zombie (Vaults:3)
  21 deep elf knights
  7 vampire magi
  8 spriggan berserkers
  3 sun demons
  A hell knight (Vaults:5)
  2 skysharks (Lair:5)
  19 shadow wraiths
  A fire crab (shapeshifter) (Elf:2)
  A sixfirhy (D:4)
  2 storm dragon skeletons (Crypt:2)
  Lodul (D:13)
  8 iron trolls
  6 orb spiders
  41 skeletal warriors
  A cherub (D:12)
  6 goliath frogs
  7 pharaoh ants
  54 deep trolls
  A golden dragon zombie (Crypt:1)
  8 flayed ghosts
  3 spriggan druids
  4 glowing orange brains
  2 sun moths
  12 swamp dragons
  10 bog bodies
  15 lindwurms
  3 spriggan simulacra
  An iron giant zombie (Crypt:3)
  9 harpies
  24 phantasmal warriors
  15 deep elf archers
  A spectral wolf spider (Spider:4)
  7 orc knights
  11 wizards
  11 steelbarb worms
  29 deep elf zephyrmancers
  25 ironbound convokers
  39 deep elf pyromancers
  An iron dragon zombie (Depths:3)
  An eleionoma zombie (Crypt:2)
  11 necromancers
  42 ugly things
  3 orc sorcerers (Orc:2)
  8 will-o-the-wisps
  A goliath frog skeleton (Crypt:2)
  A jorogumo skeleton (Crypt:2)
  16 wolf spiders
  A wolf spider zombie (Spider:4)
  4 cyclopes
  14 elephants
  2 human skeletons (Vaults:3)
  35 moths of wrath
  3 manticores
  A stone giant zombie (Crypt:1)
  A centaur zombie (Crypt:3)
  A fire giant skeleton (Depths:3)
  20 vault sentinels
  3 black mambas
  A rust devil (D:13)
  5 smoke demons
  A black mamba (shapeshifter) (Elf:3)
  8 torpor snails
  4 hellions
  A molten gargoyle (Desolation)
  A gargoyle (D:12)
  A white draconian zombie (Crypt:2)
  4 naga skeletons
  2 rime drakes (Lair:2)
  8 cane toads
  29 yaktaurs
  An elephant slug zombie (Crypt:3)
  A catoblepas zombie (Crypt:1)
  2 kobold demonologists
  A dire elephant skeleton (Crypt:2)
  A centaur skeleton (Crypt:2)
  A golden dragon simulacrum (Depths:3)
  3 orange demons
  A storm dragon simulacrum (Crypt:3)
  2 spectral redbacks (Spider:4)
  11 freezing wraiths
  3 bunyip simulacra (Swamp:1)
  13 komodo dragons
  An orb spider zombie (Crypt:1)
  An efreet (D:15)
  A redback zombie (Spider:4)
  An alligator snapping turtle skeleton (Crypt:3)
  2 ice devils
  A green draconian skeleton (Crypt:3)
  3 red devils
  A sea snake zombie (Crypt:1)
  8 trolls
  A black draconian skeleton (Crypt:2)
  4 tengu conjurers
  A grey draconian skeleton (Crypt:3)
  A bloated husk (Swamp:4)
  2 harpy zombies
  A sea snake skeleton (Crypt:1)
  A hydra zombie (Swamp:1)
  A white draconian skeleton (Crypt:3)
  4 meliai
  8 polar bears
  A spectral culicivora (Spider:4)
  A tarantella (shapeshifter) (D:14)
  A hellwing (Trove)
  24 hornets
  A death drake zombie (Crypt:3)
  An iron dragon simulacrum (Crypt:3)
  4 spectral jumping spiders (Spider:4)
  9 tyrant leeches
  Grinder (D:6)
  A culicivora zombie (Spider:4)
  37 saltlings (Desolation)
  12 tarantellas
  An alligator simulacrum (Swamp:1)
  A death drake skeleton (Crypt:1)
  13 dream sheep
  3 spectral tarantellas (Spider:4)
  20 blink frogs
  3 tarantella zombies (Spider:4)
  A jumping spider zombie (Spider:4)
  18 culicivoras
  A fire giant simulacrum (Depths:3)
  22 flying skulls
  11 shadows
  36 jumping spiders
  A black mamba zombie (Crypt:1)
  19 slime creatures
  3 water elementals
  61 yaks
  An elf simulacrum (Vaults:3)
  2 ynoxinuls
  19 spriggans
  4 air elementals
  A dire elephant simulacrum (IceCv)
  2 vampires
  6 basilisks
  21 humans (D:13)
  14 wraiths
  A culicivora (shapeshifter) (Vaults:5)
  6 fire elementals
  5 wyverns
  An alligator snapping turtle simulacrum (Crypt:2)
  A death yak simulacrum (IceCv)
  A neqoxec (Depths:2)
  3 wargs
  2 chaos spawn (Depths:2)
  42 redbacks
  4 steam dragons
  13 vampire mosquitoes
  13 swamp worms
  2 acid dragons
  2 deep troll zombies
  A naga zombie (Crypt:2)
  23 water moccasins
  A hydra simulacrum (Swamp:1)
  A water moccasin (shapeshifter) (Vaults:5)
  5 hell hounds
  6 floating eyes
  8 black bears
  A cane toad skeleton (Crypt:1)
  9 swamp drakes
  A two-headed ogre skeleton (Crypt:1)
  A snapping turtle zombie (Crypt:3)
  A merfolk simulacrum (Crypt:3)
  31 orc warriors
  3 swamp dragon zombies (Swamp:1)
  A water nymph skeleton (Crypt:1)
  A deep troll simulacrum (Vaults:3)
  An ice beast (D:7)
  A sky beast (D:7)
  2 elephant zombies (Lair:3)
  29 wolves (Lair:5)
  16 ogres
  6 boggarts
  7 centaurs
  A phantom (D:6)
  Blork the orc (Orc:2)
  An elf zombie (Crypt:3)
  A komodo dragon zombie (Lair:3)
  2 kobold brigands
  15 bullfrogs
  4 necrophages
  4 gnoll sergeants
  An earth elemental (Elf:2)
  12 wights
  2 swamp dragon simulacra (Swamp:1)
  2 howler monkeys (D:11)
  11 electric eels
  3 lava snakes (Lair:5)
  18 orc priests
  A hound (D:7)
  2 jellies
  A gnoll bouda (D:7)
  An iron imp (Abyss:2)
  2 sleepcaps
  6 iguanas
  18 orc wizards
  2 wolf simulacra (IceCv)
  A tengu skeleton (Crypt:3)
  A mummy (Crypt:2)
  21 gnolls
  8 adders
  2 white imps
  A jelly zombie (Crypt:1)
  A dart slug (D:3)
  64 orcs
  6 bats
  10 endoplasms
  4 giant cockroaches
  5 goblins
  7 hobgoblins
  3 jackals (D:1)
  20 kobolds
  3 quokkas
  7 ball pythons
  A ball python zombie (Crypt:2)
  2 frilled lizards (D:1)
  A frilled lizard skeleton (Crypt:1)
  An orc skeleton (Crypt:2)
  A rat (shapeshifter) (Depths:2)
  6 rats
  A spectral orc (D:15)
  A butterfly (Lair:1)
2411 creatures vanquished.

Vanquished Creatures (collateral kills)
  A pandemonium lord (Zot:4)
  An electric golem (Zot:5)
  4 Orb Guardians
  A lich (Zot:4)
  A quicksilver dragon (Zot:5)
  A shadow dragon (Zot:5)
  A ghost moth (Zot:5)
  2 cacodemons (Zot:3)
  A demonspawn blood saint (Zot:5)
  2 lorocyprocas (Zot:5)
  A sixfirhy (Zot:3)
  A glowing orange brain (Zot:4)
  3 moths of wrath (Zot:5)
  A smoke demon (Zot:5)
  2 orange demons
  2 culicivoras (Spider:1)
  A fire elemental (Spider:1)
  A warg (Orc:2)
  An orc wizard (Orc:2)
28 creatures vanquished.

Vanquished Creatures (others)
  A dread lich (Zot:5)
  The ghost of Alunk the Bludgeoner, a legendary GnFi of Cheibriados (Zot:5)
  A Killer Klown (Zot:5)
  A golden dragon (Zot:5)
  9 Orb Guardians (Zot:5)
  3 draconian monks (Zot:5)
  A draconian knight (Depths:4)
  A reaper (Zot:1)
  5 green draconians (Zot:5)
  A demonspawn black sun (Zot:5)
  2 black draconians
  A red draconian (Zot:5)
  Azrael (Spider:1)
  2 white draconians (Zot:5)
  A yellow draconian (Zot:5)
  2 death scarabs (Spider:4)
  4 hell hogs (Depths:1)
  Urug (Orc:2)
  A deep elf knight (Elf:1)
  A sixfirhy (Zot:3)
  A deep elf pyromancer (Elf:2)
  An orc sorcerer (Orc:2)
  3 moths of wrath (Zot:5)
  A vault sentinel (Vaults:1)
  2 bloated husks
  A large abomination (Zot:1)
  An orc warrior (Orc:2)
  36 foxfires
86 creatures vanquished.

Grand Total: 2525 creatures vanquished

Notes
Turn   | Place    | Note
-------+----------+-------------------------------------------
     0 | D:1      | badplayer the Octopode Shapeshifter began the quest for the
                  | Orb.
     0 | D:1      | Reached XP level 1. HP: 13/13 MP: 1/1
    39 | D:1      | Reached skill level 1 in Stealth
    64 | D:1      | Reached XP level 2. HP: 17/18 MP: 2/2
   189 | D:1      | Reached XP level 3. HP: 22/23 MP: 3/3
   364 | D:1      | Found Inacing's Magic Scroll Shop.
   392 | D:1      | Bought a scroll of teleportation for 36 gold pieces
   817 | D:2      | Found an opulent altar of Gozag.
   825 | D:2      | Became a worshipper of Gozag Ym Sagoz the Greedy
  1097 | D:3      | Found a faded altar of an unknown god.
  1206 | D:3      | Found Zioluahi's Vocational Training.
  1222 | D:3      | Reached XP level 4. HP: 21/28 MP: 4/4
  1256 | D:3      | You fall into a shaft and drop 1 floor!
  1303 | D:3      | Found a burning altar of Makhleb.
  1303 | D:3      | Found an ancient bone altar of Kikubaaqudgha.
  1312 | D:3      | Found a shimmering blue altar of Sif Muna.
  1314 | D:3      | Found a sparkling altar of Nemelex Xobeh.
  1733 | D:3      | Reached XP level 5. HP: 33/33 MP: 5/5
  2040 | D:4      | Found a staircase to the Ecumenical Temple.
  2442 | D:4      | Reached skill level 4 in Shapeshifting
  2772 | D:5      | Entered Level 5 of the Dungeon
  2865 | D:5      | Noticed a black bear
  2872 | D:5      | Killed a black bear
  2873 | D:5      | Reached XP level 6. HP: 34/38 MP: 6/6
  2897 | D:5      | Reached skill level 5 in Unarmed Combat
  2908 | D:5      | Found a transporter.
  2911 | D:5      | Noticed heinrich's ghost (novice OpCA)
  3017 | D:5      | Reached skill level 5 in Shapeshifting
  3058 | D:5      | Reached skill level 1 in Evocations
  3058 | D:5      | Reached XP level 7. HP: 33/43 MP: 7/7
  3248 | D:5      | Found a transporter.
  3283 | D:5      | Noticed a kobold demonologist
  3288 | D:5      | Noticed an ice devil
  3290 | D:5      | Noticed a ynoxinul
  3290 | D:5      | Killed a kobold demonologist
  3432 | D:5      | Reached XP level 8. HP: 21/48 MP: 8/8
  4415 | D:6      | Noticed Grinder
  4423 | D:6      | Killed Grinder
  4424 | D:6      | Reached skill level 5 in Dodging
  4424 | D:6      | Reached XP level 9. HP: 45/55 MP: 9/9
  4883 | D:7      | Noticed Duvessa
  5092 | D:7      | Found an iron altar of Okawaru.
  5136 | D:7      | Duvessa changed into Duvessa the water moccasin
  5136 | D:7      | Noticed Duvessa
  5142 | D:7      | Noticed Dowan
  5143 | D:7      | Dowan changed into Dowan the rat
  5143 | D:7      | Noticed Dowan
  5144 | D:7      | Killed Duvessa the water moccasin
  5145 | D:7      | Killed Dowan the rat
  5577 | D:7      | Reached skill level 5 in Fighting
  6399 | D:8      | Noticed a hornet
  6401 | D:8      | Killed a hornet
  6778 | D:8      | Reached skill level 6 in Shapeshifting
  6778 | D:8      | Reached XP level 10. HP: 63/66 MP: 10/10
  7686 | D:9      | Reached skill level 7 in Shapeshifting
  8295 | D:9      | Reached skill level 10 in Unarmed Combat
  8448 | D:10     | Entered Level 10 of the Dungeon
  8574 | D:10     | Found a staircase to the Orcish Mines.
  8709 | D:10     | Noticed a cyclops
  8801 | D:10     | Killed a cyclops
  8917 | D:10     | Reached XP level 11. HP: 66/71 MP: 11/11
  9380 | D:10     | Found a staircase to the Lair.
  9877 | D:11     | Noticed a cyclops
  9982 | D:11     | Found a flickering gateway to a bazaar.
  9991 | Bazaar   | Entered a bazaar
  9991 | Bazaar   | Found Kulej's General Store.
 10079 | Bazaar   | Found Ocrob's Magic Scroll Boutique.
 10092 | Bazaar   | Found Cataotze's Magic Scroll Shoppe.
 10128 | Bazaar   | Found Ufoanunn's Magic Scroll Boutique.
 10136 | Bazaar   | Bought a scroll of revelation for 127 gold pieces
 10158 | Bazaar   | Bought a scroll of blinking for 90 gold pieces
 10261 | D:11     | Reached skill level 8 in Shapeshifting
 10631 | D:11     | Reached skill level 10 in Dodging
 10981 | D:11     | Killed a cyclops
 11169 | Lair:1   | Entered Level 1 of the Lair of Beasts
 11169 | Lair:1   | Found a frozen archway.
 11216 | IceCv    | Entered an ice cave
 11292 | IceCv    | Found a transporter.
 11296 | IceCv    | Noticed a white ugly thing
 11302 | IceCv    | Found a transporter.
 11344 | Lair:1   | Reached skill level 9 in Shapeshifting
 11350 | Lair:1   | Reached XP level 12. HP: 46/79 MP: 12/12
 11519 | Lair:1   | Found a stormy altar of Qazlal.
 12081 | Lair:2   | Found a hole to the Spider Nest.
 12081 | Lair:2   | Noticed a boulder beetle
 12087 | Lair:3   | Noticed a five-headed hydra
 12332 | Lair:3   | Reached skill level 10 in Shapeshifting
 12867 | Lair:3   | Found a transporter.
 12872 | Lair:3   | Noticed Vorhees's ghost (journeyman DjHs)
 12901 | Lair:3   | Found a transporter.
 13910 | Lair:2   | Reached skill level 11 in Shapeshifting
 13940 | Lair:2   | Killed a boulder beetle
 14139 | Lair:2   | Found a staircase to the Swamp.
 14157 | Lair:2   | Reached XP level 13. HP: 15/88 MP: 13/13
 15586 | Lair:4   | Noticed Rupert
 15594 | Lair:3   | Reached skill level 12 in Shapeshifting
 16384 | Lair:4   | Found a runed translucent door.
 16385 | Lair:4   | Found a viscous altar of Jiyva.
 16387 | Lair:4   | Found a staircase to the Slime Pits.
 17215 | Lair:5   | Entered Level 5 of the Lair of Beasts
 17226 | Lair:4   | Reached skill level 13 in Shapeshifting
 17271 | Lair:4   | Killed Rupert
 17272 | Lair:4   | Reached XP level 14. HP: 69/95 MP: 14/14
 17824 | Lair:5   | Found the +4 robe of Folly {Brill Will-∞ Int+8}
 18252 | Lair:5   | Reached skill level 10 in Fighting
 18868 | Lair:5   | Reached skill level 14 in Shapeshifting
 19518 | Lair:5   | Found the +8 demon blade "Leech" {evervamp, Harm Drain rN+}
 20340 | D:12     | Reached XP level 15. HP: 102/107 MP: 15/15
 20353 | D:12     | Bought a scroll of blinking for 112 gold pieces
 21630 | D:12     | Reached skill level 15 in Shapeshifting
 21995 | Orc:1    | Entered Level 1 of the Orcish Mines
 22026 | Orc:1    | Found a runed translucent door.
 22038 | Orc:1    | Noticed Vorhees's ghost (journeyman DjHs)
 22102 | Orc:1    | Found Livviw's Mayhem Merchandise.
 22503 | Orc:1    | Noticed Sonja
 22505 | Orc:1    | Sonja changed into Sonja the meliai
 22505 | Orc:1    | Noticed Sonja
 22506 | Orc:1    | Killed Sonja the meliai
 22791 | Orc:1    | Found Cikkolip's Antique Weapon Shop.
 23118 | Orc:2    | Entered Level 2 of the Orcish Mines
 23597 | Orc:2    | Found a burning altar of Makhleb.
 23655 | Orc:2    | Noticed Urug
 23655 | Orc:2    | Noticed an orc warlord
 23670 | Orc:2    | Your ally Urug died
 23675 | Orc:2    | Killed an orc warlord
 23895 | Orc:2    | Noticed Donald
 23909 | Orc:2    | Killed Donald
 23910 | Orc:2    | Reached skill level 5 in Stealth
 23910 | Orc:2    | Noticed an orc warlord
 23910 | Orc:2    | Noticed Blork the orc
 23929 | Orc:2    | Killed an orc warlord
 23932 | Orc:2    | Killed Blork the orc
 24248 | Orc:2    | Found Qiutzoso's Antique Armour Shop.
 24257 | Orc:2    | Found Wiokk's Book Shop.
 24276 | Orc:2    | Found Moicab's Antique Weapon Shop.
 24428 | Orc:2    | Found Woadacugh's General Store.
 24496 | Orc:2    | Found a staircase to the Elven Halls.
 24747 | D:10     | Bought a scroll of torment for 133 gold pieces
 24750 | D:10     | Bought a scroll of teleportation for 42 gold pieces
 24753 | D:10     | Bought a ring of poison resistance for 320 gold pieces
 24753 | D:10     | Bought an amulet of reflection for 480 gold pieces
 24753 | D:10     | Bought a +5 ring of evasion for 576 gold pieces
 24770 | D:10     | Bought a ring of the Octopus King {rC+ HP+2 AC+2 EV+2 SH+2}
                  | for 982 gold pieces
 24770 | D:10     | Found the ring of the Octopus King {rC+ HP+2 AC+2 EV+2
                  | SH+2}
 24856 | D:12     | Reached skill level 5 in Evocations
 24912 | D:13     | Reached skill level 16 in Shapeshifting
 25391 | D:13     | Noticed Lodul
 25408 | D:13     | Killed Lodul
 25579 | D:13     | Found a portal to a secret trove of treasure.
 25591 | D:13     | Reached XP level 16. HP: 113/113 MP: 16/16
 25849 | D:13     | Found a gate to the Vaults.
 26015 | D:14     | Found a transporter.
 26158 | D:14     | Noticed NigelTetley's ghost (journeyman DgCj)
 26177 | D:14     | Found a transporter.
 26832 | D:15     | Entered Level 15 of the Dungeon
 27463 | Abyss:2  | Cast into level 2 of the Abyss (a wizard)
 27516 | D:15     | Escaped the Abyss
 27685 | D:15     | Found a staircase to the Depths.
 27848 | D:15     | Found a basalt altar of Yredelemnul.
 27887 | D:15     | Reached skill level 17 in Shapeshifting
 28436 | Swamp:1  | Entered Level 1 of the Swamp
 28973 | Swamp:1  | HP: 4/138 [will-o-the-wisp/foxfire (15)]
 29988 | Swamp:1  | Upgraded the game from 0.31-a0-664-g902f515a81 to
                  | 0.31-a0-667-g39726597b9
 30542 | Swamp:2  | Noticed Mlioglotl
 31040 | Swamp:3  | Noticed Mara
 31069 | Swamp:3  | Noticed a thorn hunter
 31143 | Swamp:3  | Reached XP level 17. HP: 117/117 MP: 17/17
 31535 | Swamp:3  | Reached skill level 18 in Shapeshifting
 31947 | Swamp:2  | Killed Mlioglotl
 31956 | Swamp:2  | Noticed Jorgrun
 32148 | Swamp:2  | Killed Jorgrun
 32529 | Swamp:4  | Entered Level 4 of the Swamp
 33946 | Swamp:4  | Reached skill level 15 in Unarmed Combat
 34472 | Swamp:4  | Got a decaying rune of Zot
 34711 | Lair:2   | Bought a potion of haste for 260 gold pieces
 34714 | Spider:1 | Entered Level 1 of the Spider Nest
 34714 | Spider:1 | Noticed Azrael
 34787 | Spider:1 | Your ally Azrael died
 35153 | Spider:1 | Reached skill level 19 in Shapeshifting
 35497 | Spider:1 | Reached XP level 18. HP: 124/124 MP: 18/18
 35509 | Spider:1 | Noticed Frances
 35517 | Spider:1 | Killed Frances
 36234 | Spider:2 | Identified the +9 long sword "Bepob" {holy, rElec MP+9}
 36629 | Spider:2 | Identified a scroll of acquirement
 36640 | Spider:2 | Acquired a manual of Evocations
 37590 | Spider:3 | Reached skill level 10 in Evocations
 37688 | Spider:3 | Identified the +1 scale mail of the Planets {+Inv rC+ rN+}
 39064 | Spider:4 | Entered Level 4 of the Spider Nest
 39169 | Spider:4 | Paralysed by a jorogumo for 2 turns
 39378 | Spider:4 | Gained mutation: Your muscles are strong. (Str +4, Int/Dex
                  | -1) [mutagenic glow]
 41390 | Spider:4 | Reached XP level 19. HP: 92/127 MP: 19/19
 42145 | Spider:4 | Reached skill level 15 in Fighting
 42169 | Spider:4 | Reached skill level 15 in Evocations
 42265 | Spider:4 | Got a gossamer rune of Zot
 42591 | Vaults:1 | Entered Level 1 of the Vaults
 42774 | Vaults:1 | Found a runed translucent gate.
 42774 | Vaults:1 | Found a runed translucent gate.
 42774 | Vaults:1 | Found a runed translucent gate.
 42776 | Vaults:1 | Noticed KimchiStew's ghost (adept MfBe)
 42805 | Vaults:1 | Found Dohau's General Store.
 43133 | Vaults:1 | Bought a potion of haste for 180 gold pieces
 43133 | Vaults:1 | Bought a scroll of teleportation for 54 gold pieces
 43133 | Vaults:1 | Bought a condenser vane for 720 gold pieces
 43385 | Vaults:1 | Identified the +0 scale mail of Ziytaqak {rElec Int+3
                  | Dex+4}
 43396 | Vaults:1 | Identified the +7 halberd of Annoyance {freeze, Str+3}
 44696 | Vaults:1 | Bought a scroll of blinking for 150 gold pieces
 44696 | Vaults:1 | Bought a scroll of teleportation for 60 gold pieces
 44708 | Vaults:2 | Reached skill level 15 in Dodging
 45036 | Vaults:2 | Found Hocuto's Magic Scroll Shop.
 45039 | Vaults:2 | Bought a scroll of teleportation for 33 gold pieces
 45039 | Vaults:2 | Bought a scroll of teleportation for 33 gold pieces
 45355 | Vaults:2 | Found a staircase to the Crypt.
 45568 | Vaults:2 | Reached XP level 20. HP: 146/146 MP: 20/20
 46412 | Vaults:2 | Reached skill level 20 in Shapeshifting
 48262 | Vaults:3 | Got Sif Muna's Essays on Gritty Imprecation
 48280 | Vaults:3 | Bought the ring of Conformity {rF+ Int+3 Dex+6} for 957
                  | gold pieces
 48280 | Vaults:3 | Acquired 842 gold pieces
 48288 | Vaults:3 | Bought a granite talisman for 1360 gold pieces
 49044 | Vaults:3 | Reached skill level 1 in Shields
 49923 | Vaults:4 | Reached XP level 21. HP: 152/152 MP: 21/21
 49958 | Vaults:4 | Identified the orb "Tiowicyrr" {light, Dex+5}
 49979 | Vaults:4 | Reached skill level 21 in Shapeshifting
 50231 | Vaults:4 | Reached skill level 5 in Shields
 50979 | Depths:1 | Entered Level 1 of the Depths
 51000 | Depths:1 | Found a snail-covered altar of Cheibriados.
 51112 | Depths:1 | Identified the ring "Xihamamu" {Drain Fly rPois rF- SInv}
 51360 | Depths:1 | Found a one-way gate to the infinite horrors of the Abyss.
 51371 | Depths:1 | You fall into a shaft and drop 1 floor!
 51467 | Depths:2 | Found a gateway to Hell.
 51826 | Depths:2 | Found a runed translucent door.
 51863 | Depths:2 | Got the Essays on Brilliant Corpses
 52010 | Depths:2 | Found a one-way gate leading to the halls of Pandemonium.
 52313 | Depths:2 | Reached skill level 22 in Shapeshifting
 53031 | Depths:1 | Reached XP level 22. HP: 162/162 MP: 22/22
 53425 | Depths:3 | Found an ornate altar of the Wu Jian Council.
 54621 | Depths:4 | Entered Level 4 of the Depths
 54621 | Depths:4 | Noticed a caustic shrike
 54621 | Depths:4 | Noticed a caustic shrike
 54621 | Depths:4 | Found Xukauvargh's Weapon Emporium.
 54625 | Depths:4 | Noticed a caustic shrike
 54627 | Depths:4 | Noticed a caustic shrike
 54628 | Depths:4 | Killed a caustic shrike
 54634 | Depths:4 | Killed a caustic shrike
 54641 | Depths:4 | Killed a caustic shrike
 54645 | Depths:4 | Killed a caustic shrike
 55020 | Depths:4 | Paralysed by a floating eye for 3 turns
 55071 | Depths:4 | Reached skill level 23 in Shapeshifting
 55597 | Depths:4 | Found a gate to the Realm of Zot.
 55804 | Depths:4 | Found a one-way gateway to a ziggurat.
 56003 | Depths:4 | Reached XP level 23. HP: 172/172 MP: 23/23
 56330 | Elf:1    | Entered Level 1 of the Elven Halls
 56452 | Elf:1    | Found a crumbling gateway.
 56469 | Elf:1    | Found a glowing silver altar of Zin.
 56469 | Elf:1    | Found a white marble altar of Elyvilon.
 56469 | Elf:1    | Found a glowing golden altar of the Shining One.
 56476 | Desolati | Entered the Desolation of Salt
 56878 | Desolati | Identified the ring of Juituown {MP+9 SInv}
 57048 | Desolati | Identified the ring of Zeagin Jol {Fire rElec Will- Str+4}
 57128 | Desolati | Identified the amulet of Activism {Acrobat -Cast rElec
                  | rPois rC-}
 57195 | Desolati | Reached skill level 24 in Shapeshifting
 57211 | Desolati | Got Xippat's Folio of Enchanting Hail
 57507 | Elf:1    | Paralysed by an air elemental for 1 turns
 58525 | Elf:2    | Found Datie's Distillery.
 58550 | Elf:2    | Bought 2 potions of curing for 96 gold pieces
 58550 | Elf:2    | Bought a potion of curing for 48 gold pieces
 58619 | Elf:2    | Found a runed translucent gate.
 58619 | Elf:2    | Found a runed translucent gate.
 58619 | Elf:2    | Found a runed translucent gate.
 58772 | Elf:2    | Found Uplipuc's Jewellery Emporium.
 58892 | Elf:2    | Found Bizargh's General Store.
 59385 | Elf:2    | Reached skill level 25 in Shapeshifting
 59741 | Elf:3    | Entered Level 3 of the Elven Halls
 60078 | Elf:3    | Found Acaasmat's Antique Armour Boutique.
 60094 | Elf:3    | Reached XP level 24. HP: 180/180 MP: 23/23
 60383 | Elf:3    | Identified the ring of Noshajus {Wiz rN++ Will-}
 60819 | Elf:3    | Identified the +8 chain mail of Wushuty {Harm rPois Slay+3}
 60876 | Elf:3    | Identified the +5 great mace of the Hated {drain, rF- rN+
                  | Dex+3}
 60910 | Elf:3    | Identified the +2 robe "Ugoeb" {Archmagi}
 60982 | Elf:3    | Found the ring of the Octopus King {Wiz HP+2 AC+2 EV+2
                  | SH+2}
 61012 | Elf:3    | Paralysed by an air elemental for 1 turns
 61047 | Elf:3    | Found the +27 heavy crossbow "Sniper" {heavy, Acc+∞ SInv}
 61048 | Elf:3    | Identified the staff "Udita" {rElec Str+4 Dex-2 Air}
 61073 | Elf:3    | Identified the +1 ring mail "Uhuosuyth" {*Slow rN++ Str+6}
 61074 | Elf:3    | Identified the +4 orcbow "Nareuliats" {elec, Fly Int+4}
 61100 | Elf:3    | Identified the +0 war axe "Violiapn" {flame, *Rage Dex+5}
 61593 | Crypt:1  | Entered Level 1 of the Crypt
 61606 | Crypt:1  | Reached skill level 26 in Shapeshifting
 62152 | Crypt:1  | Identified the +6 rapier of Wuntiwen {vamp, rN++}
 62275 | Crypt:1  | Found a basalt altar of Yredelemnul.
 62902 | Crypt:2  | Reached skill level 27 in Shapeshifting
 62904 | Crypt:2  | Noticed a royal mummy
 62905 | Crypt:2  | Noticed Khufu
 62935 | Crypt:2  | Killed Khufu
 62949 | Crypt:2  | Noticed a royal mummy
 62954 | Crypt:2  | Killed a royal mummy
 62962 | Crypt:2  | Killed a royal mummy
 63297 | Crypt:2  | Reached XP level 25. HP: 186/186 MP: 23/23
 63663 | Crypt:3  | Entered Level 3 of the Crypt
 63667 | Crypt:3  | Noticed Bai Suzhen
 63673 | Crypt:3  | Killed Bai Suzhen
 63896 | Crypt:3  | Found a staircase to the Tomb.
 64462 | Crypt:3  | Found a basalt altar of Yredelemnul.
 64673 | Crypt:3  | Found the +9 sword of Zonguldrok {reap}
 64686 | Crypt:3  | Identified the +5 scimitar of the Wheel {protect, MP+9
                  | Int+2 Dex+2}
 64701 | Crypt:3  | Identified the +4 short sword of Fimbulwinter {flame, Drain
                  | Dex+5}
 64709 | Crypt:3  | Identified the ring of Uskayaw's Inspiration {Fire rElec
                  | rCorr Int+2 Dex+3}
 65389 | Vaults:5 | Entered Level 5 of the Vaults
 66032 | Vaults:5 | Reached XP level 26. HP: 182/193 MP: 23/23
 66613 | Vaults:5 | Identified the +4 scimitar "Hahiyd" {freeze, Fragile rPois
                  | rC- Str+6}
 66628 | Vaults:5 | Identified the staff "Igaoppor" {rF+ Int+3 Dex+2 Conj}
 66830 | Vaults:5 | Got a silver rune of Zot
 67402 | Vaults:5 | Identified the ring of Jajo {+Blink rPois Will- Dex+4}
 67803 | Zot:1    | Entered Level 1 of the Realm of Zot
 68066 | Zot:1    | Identified the +0 scimitar of Plog {freeze, rF+}
 69881 | Zot:2    | Found a radiant altar of Vehumet.
 69886 | Zot:2    | Noticed an orb of fire
 69891 | Zot:2    | Noticed a dread lich
 69901 | Zot:2    | Found a transporter.
 69901 | Zot:2    | Noticed a dread lich
 70655 | Zot:3    | Noticed a dread lich
 70657 | Zot:3    | Killed a dread lich
 70674 | Zot:3    | Reached XP level 27. HP: 166/198 MP: 6/23
 71015 | Zot:3    | Found a transporter.
 71016 | Zot:3    | Found a transporter.
 71019 | Zot:3    | Found a transporter.
 71460 | Zot:3    | Found a transporter.
 72125 | Zot:4    | Noticed an orb of fire
 72133 | Zot:4    | Gained mutation: Your magical capacity is low. (-10% MP)
                  | [an orb of fire]
 72134 | Zot:4    | Killed an orb of fire
 72968 | Zot:5    | Entered Level 5 of the Realm of Zot
 73023 | Zot:5    | Identified the +1 cloak "Jautwic" {-Tele Regen+ Str+2}
 73026 | Zot:5    | Identified the +3 cloak "Limosea" {-Cast Will++ Str+4
                  | Slay+3}
 73036 | Zot:5    | Killed Alunk's ghost
 73047 | Zot:5    | Found a transporter.
 73051 | Zot:5    | Found a transporter.
 73051 | Zot:5    | Found a bloodstained altar of Trog.
 73198 | Zot:5    | Found a transporter.
 73200 | Zot:5    | Found a transporter.
 73214 | Zot:5    | Found a transporter.
 73325 | Zot:5    | Found a transporter.
 73328 | Zot:5    | Found a transporter.
 73555 | Zot:5    | Noticed a dread lich
 73570 | Zot:5    | Killed a dread lich
 73609 | Zot:5    | Noticed an orb of fire
 73613 | Zot:5    | Noticed a dread lich
 73686 | Zot:5    | Got the Orb of Zot
 73793 | Zot:4    | Noticed Peastiull the pandemonium lord
 73795 | Zot:4    | Killed Peastiull the pandemonium lord
 74164 | D:13     | Noticed Xegrej the pandemonium lord
 74194 | D:13     | Noticed Aheobon the pandemonium lord
 74230 | D:13     | You paid a toll of 18 potions of curing to enter a treasure
                  | trove
 74231 | Trove    | Entered a treasure trove
 74265 | Trove    | Noticed Xumuda the pandemonium lord
 74284 | Trove    | Killed Xumuda the pandemonium lord
 74325 | Trove    | Noticed Apsudel the pandemonium lord
 74334 | Trove    | Killed Apsudel the pandemonium lord
 74767 | D:$      | Escaped with the Orb!

Illustrated notes

Levels and vault maps discovered:
D:1:      dpeg_arrival_refuge, layout_rooms, serial_shops, shop,
          dk_noncrumbling_4, kennysheep_doodads
D:2:      layout_basic, serial_rivers, chequers_serial_rivers_room_a,
          chequers_serial_rivers_small_a, chequers_serial_rivers_small_a,
          chequers_serial_rivers_micro_b, chequers_serial_rivers_room_b,
          chequers_serial_rivers_room_b, basic_altar
D:3:      layout_loops_ring, nicolae_overflow_macrodata_refinement,
          nicolae_ecumenical_pavilion, nicolae_shop_vocational
D:4:      layout_cave_pods, temple_pool_b, nicolae_titane
D:5:      layout_basic, gammafunk_ghost_mausoleum
D:6:      layout_basic, hangedman_decor_riveting, uniq_grinder
D:7:      layout_basic, mainiacjoe_overflow_cross_hatched, uniq_duvessa
D:8:      layout_loops_corners
D:9:      layout_irregular_city
D:10:     layout_irregular_city, minmay_lair_entry_grove, david_orc_1_choice
D:11:     layout_loops_ring, serial_shops, bzr_entry_water
D:12:     layout_layer_cave
D:13:     layout_basic, grunt_vaults_entry_tiered,
          nicolae_trove_entry_crossroad, uniq_lodul
D:14:     layout_roguey, grunt_decor_clamped, gammafunk_ghost_stat_death
D:15:     hellmonk_depths_entry_around_the_bend, layout_loops_cross,
          hangedman_abyss_or_decor_slice, yredelemnul_forgotten_temple_becter
Lair:1:   layout_loops_ring, basic_altar, portal_ice_cave_entry_pillars_1,
          lemuel_fruit_fields, lemuel_fruit_tree
Lair:2:   layout_big_grid, skrybe_swamp_entry_bodies,
          nicolae_spider_entry_lesser_pyramids, serial_bayou_shore_b,
          lemuel_fruit_fields, infiniplex_staircase_pool_2
Lair:3:   pond_and_an_island_with_a_cottage, layout_hall_layers,
          gammafunk_ghost_berserking_beasts
Lair:4:   layout_roguey, slime_entry_2, hangedman_lair_unloving_vines,
          uniq_rupert
Lair:5:   minmay_lair_end_enchanted_forest, layout_loops_ring,
          dreamdust_deal_with_the_devil, nicolae_lair_liquid_snakes,
          grunt_megastairs_3
Swamp:1:  layout_falls_marsh, serial_swamp_ruin, evilmike_swamp_ruin_house_5,
          evilmike_swamp_ruin_rubble_1, hangedman_swamp_ruin_hall, swamp_pool3,
          nicolae_swamp_necromancer_hut
Swamp:2:  layout_falls_marsh, evilmike_swamp_ruin_house_3, uniq_mlioglotl,
          uniq_jorgrun
Swamp:3:  layout_basic_swamp, evilmike_swamp_ruin_house_6, swamp_pool1,
          uniq_mara
Swamp:4:  swamp, layout_basic_swamp, swamp_pool1, grunt_hermit_hut
Spider:1: nicolae_spider_obnoxious_hallway, uniq_azrael, uniq_frances
Spider:2: layout_chambers
Spider:3: layout_chambers, nicolae_spider_shape
Spider:4: floodkiller_spider_rune_tomb
Orc:1:    hellmonk_paralyzer, layout_diamond_mine, serial_shops,
          nicolae_shop_hallway_plus, hellmonk_ghost_happy_afterlife,
          minmay_shop_mayhem, elves_outpost_lemuel, uniq_sonja
Orc:2:    grunt_orc_cross, layout_diamond_mine, bloody_makhleb, uniq_donald
Elf:1:    layout_onion_city, portal_desolation_entry_holy_temple,
          hangedman_elf_disciples
Elf:2:    nicolae_elf_blades_crystal_corner, layout_geoelf_grid, serial_shops,
          nicolae_shop_tiny_waterfront, shop, nicolae_shop_just_a_little_nook
Elf:3:    elf_hall, layout_gridlike, serial_shops, nicolae_shop_tiny_waterfront,
          minivault_25, nicolae_twisty_statue_hallways
Vaults:1: gammafunk_ghost_necromancy, nicolae_vaults_windows_and_doors_thing,
          v_misc_23, nicolae_vaults_enemy_cabinets,
          nicolae_vaults_cornered_office, vaults_mumra_minichess_inversion,
          nicolae_vaults_trapezoid_lopsided_1, nicolae_vaults_stepped_doors,
          nicolae_vaults_alarming, hangedman_vaults_locks,
          nicolae_vaults_tangram_1, layout_vaults_ring, serial_shops,
          nicolae_shop_window_shopping
Vaults:2: nicolae_vaults_arrows, minmay_crypt_entry_simple_corners,
          nicolae_vaults_minivaults, nicolae_vaults_specimen_jars,
          ontoclasm_vaults_chip, nicolae_vaults_wine_cellar,
          ontoclasm_vaults_twist, layout_vaults_omnicross, serial_shops,
          nicolae_shop_rolled_up
Vaults:3: v_misc_29, v_misc_26, vaults_standard_mumra_enter_the_diamond,
          vaults_room_stairs_pillars, nicolae_vaults_storage_closets_3,
          nicolae_vaults_storage_closets_1, nicolae_vaults_library_corner,
          layout_vaults_big_room
Vaults:4: nicolae_vaults_offset_grid_hallway_3,
          nicolae_vaults_trapezoid_lopsided_1, hangedman_vaults_pinch,
          v_alt_pattern_4, nicolae_vaults_oval_intersection,
          nicolae_vaults_asterisk, nicolae_vaults_tetromino_L_2, v_misc_27,
          nicolae_vaults_closet_pinwheel_6, nicolae_vaults_ninety_degrees,
          nicolae_vaults_tangram_1, layout_vaults_maze_bifur
Vaults:5: serial_shops
Crypt:1:  gammafunk_crypt_yreds_forest, layout_misc_corridors
Crypt:2:  layout_basic, grunt_megastairs_2, uniq_khufu
Crypt:3:  church_of_pain_bobbens, layout_chaotic_city, minmay_misc_feat_five,
          uniq_bai_suzhen
Depths:1: layout_honeycomb, hellmouth_2, abyss_entry, slow_altar_1
Depths:2: minmay_the_grid_four_pointed_star_mashed
          [minmay_the_grid_triangle_9x9_dagger,
          minmay_the_grid_triangle_9x9_checkered,
          minmay_the_grid_triangle_9x9_corrupted_corridor,
          minmay_the_grid_triangle_9x9_subtriangle,
          minmay_the_grid_prize_shrinking_boxes], layout_gridlike,
          grunt_pan_entry_spiral, hell_entry
Depths:3: nicolae_cairo_tiling_large, layout_honeycomb,
          nicolae_wu_jian_wuxing_cycle, abyss_entry, grunt_hell_entry_dis_old,
          minivault_16
Depths:4: grunt_zot_entry_pinwheel, layout_basic, enter_ziggurat_e,
          serial_shops, nicolae_shop_trees, hell_entry, minmay_hedge_maze,
          onia_ninara_cookie, serial_bayou_shore_b
Zot:1:    layout_basic, st_stairs_11
Zot:2:    gammafunk_sealed_library, layout_concentric_octagons
Zot:3:    hangedman_zot_vaults_quadrants, layout_onion_interference,
          nicolae_diode_quadrants
Zot:4:    layout_twisted_circle
Zot:5:    layout_twisted_circle, gammafunk_ghost_wrathful_warriors,
          grunt_ministairs_15, serial_nicolae_subway,
          nicolae_sub_station_crystal, nicolae_sub_station_metal,
          nicolae_sub_station_stone

Skill      XL: |  1  2  3  4  5  6  7  8  9 10 11 12 13 14 15 16 17 18 19 20 21 22 23 24 25 26 27 |
---------------+----------------------------------------------------------------------------------+-----
Stealth        | 2 3 6 7 |  7.5
Unarmed Combat | 4 5 6 8 10 11 12 13 15 16 17 19 21 23 | 23.8
Shapeshifting  | 4 5 6 7 9 11 13 14 16 17 19 20 22 23 25 27 | 27.0
Evocations     | 1 4 6 8 14 16 | 16.2
Dodging        | 5 6 8 10 11 12 13 14 15 16 18 20 23 | 23.0
Fighting       | 2 5 6 7 8 11 12 14 15 16 18 19 | 19.0
Shields        | 2 7 |  7.0

Action                     |  1- 3 |  4- 6 |  7- 9 | 10-12 | 13-15 | 16-18 | 19-21 | 22-24 | 25-27 || total
---------------------------+-------+-------+-------+-------+-------+-------+-------+-------+-------++-------
  Melee: Unarmed           |    74 |    65 |   213 |   551 |  1261 |  1490 |  1299 |  1282 |  1386 ||  7621
         Tentacles         |    14 |    12 |    61 |   119 |       |     9 |   158 |   459 |   468 ||  1300
         Constrict         |    14 |    16 |    53 |    78 |   256 |   268 |   210 |   236 |   208 ||  1339
         Punch             |     1 |     5 |    20 |    32 |       |     2 |    82 |   247 |   288 ||   677
         Maw               |       |       |       |       |       |     4 |       |       |       ||     4
 Invoke: Potion Petition   |       |       |       |       |     2 |       |       |       |       ||     2
         Call Merchant     |       |       |       |       |     3 |     2 |     2 |       |       ||     7
         Bribe Branch      |       |       |       |       |       |       |       |       |     3 ||     3
  Evoke: Wand              |       |     7 |    24 |    38 |    15 |     3 |     7 |     6 |     2 ||   102
         Condenser vane    |       |       |       |       |       |       |     1 |       |       ||     1
    Use: Scroll            |       |     3 |     4 |    16 |    10 |     9 |     5 |     5 |     5 ||    57
         Potion            |       |       |     1 |     5 |     7 |     4 |     2 |     1 |     9 ||    29
   Stab: Sleeping          |     7 |     7 |     7 |    13 |     7 |    30 |    24 |    22 |    13 ||   130
         Distracted        |       |       |     1 |     2 |     9 |     8 |    16 |    32 |    15 ||    83
         Invisible         |       |       |       |     5 |     4 |       |       |       |     1 ||    10
 Armour: Skin              |    25 |    39 |    84 |   210 |   387 |   636 |   391 |   428 |   481 ||  2681
  Dodge: Dodged            |    41 |    36 |    97 |   297 |   835 |  1537 |  1088 |  1281 |  1697 ||  6909
  Block: Buckler           |     6 |    12 |    25 |    48 |       |    15 |   404 |  1135 |  1221 ||  2866
         Other             |       |       |       |       |    34 |   472 |   148 |       |       ||   654
         Reflection        |       |       |       |       |     6 |     6 |    10 |    65 |    27 ||   114
   Form: Anaconda          |       |       |       |     1 |       |     1 |       |       |       ||     2
         Maw               |       |       |       |       |       |     1 |       |       |       ||     1
         Statue            |       |       |       |       |       |       |     1 |       |       ||     1

Table legend: (Time is in decaauts)
 A = Elapsed time spent in this place.
 B = Non-inter-level travel time spent in this place.
 C = Inter-level travel time spent in this place.
 D = Time resting spent in this place.
 E = Time spent auto-exploring this place.
 F = Levels seen in this place.
 G = Mean time per level.
                   A        B        C        D        E       F      G
               +--------+--------+--------+--------+--------+-----+--------+
         Total |  85532 |  79499 |   6033 |  17565 |  40396 |  55 | 1555.1 |
       Dungeon |  18241 |  16064 |   2177 |   3570 |   8935 |  15 | 1216.1 |
          Lair |   8931 |   8428 |    503 |   3202 |   2951 |   5 | 1786.2 |
         Swamp |   6051 |   5899 |    152 |   2156 |   2446 |   4 | 1512.8 |
   Spider Nest |   7673 |   7372 |    301 |   2004 |   3353 |   4 | 1918.2 |
  Orcish Mines |   2807 |   2623 |    184 |    750 |   1265 |   2 | 1403.5 |
   Elven Halls |   5990 |   5757 |    233 |    965 |   3099 |   3 | 1996.7 |
        Vaults |  12064 |  10987 |   1077 |   2899 |   4942 |   5 | 2412.8 |
         Crypt |   5259 |   4973 |    286 |    349 |   2851 |   3 | 1753.0 |
        Depths |   7781 |   7171 |    610 |    573 |   4534 |   4 | 1945.2 |
           Zot |   8898 |   8392 |    506 |    803 |   5449 |   5 | 1779.6 |
         Abyss |     50 |     50 |      0 |      0 |      0 |   1 |   50.0 |
        Bazaar |    176 |    176 |      0 |      0 |    140 |   1 |  176.0 |
         Trove |    199 |    199 |      0 |     72 |      0 |   1 |  199.0 |
      Ice Cave |     96 |     96 |      0 |     29 |      0 |   1 |   96.0 |
    Desolation |   1310 |   1310 |      0 |    187 |    427 |   1 | 1310.0 |
               +--------+--------+--------+--------+--------+-----+--------+

Top non-repeatable levels by time:
Vaults:2: 3086 daAuts
Spider:4: 3034 daAuts
   Zot:2: 2508 daAuts
Vaults:3: 2374 daAuts
Vaults:5: 2352 daAuts
   Elf:3: 2275 daAuts
Depths:4: 2256 daAuts
  Lair:4: 2180 daAuts
Vaults:1: 2170 daAuts
  Lair:5: 2114 daAuts
Vaults:4: 2080 daAuts
 Crypt:3: 2066 daAuts
   Zot:3: 2018 daAuts
   Elf:2: 1925 daAuts
Depths:3: 1921 daAuts
